 Dungeon Crawl Stone Soup version 0.27-a0-1302-g7736ffe575 (webtiles) character file.

Game seed: 5723265850641378220

122 Delamore the Skirmisher (level 5, -3/43 HPs)
             Began as a Formicid Fighter on June 18, 2021.
             Slain by Grinder (5 damage)
             ... on level 3 of the Dungeon.
             The game lasted 00:02:34 (2604 turns).

Delamore the Skirmisher (Formicid Fighter)          Turns: 2604, Time: 00:02:34

Health: -3/43      AC:  6    Str: 21    XL:     5   Next: 27%
Magic:  5/5        EV:  8    Int:  8    God:
Gold:   98         SH:  9    Dex: 10    Spells: 4/4 levels left

rFire    . . .     SeeInvis +   h - +0 dagger (venom)
rCold    . . .     Faith    .   c - +0 kite shield
rNeg     . . .     Spirit   .   b - +0 scale mail
rPois    .         Reflect  .   (helmet unavailable)
rElec    .         Harm     .   (no cloak)
rCorr    .         Rampage  .   (no gloves)
Will     .....                  (no boots)
Stlth    ..........             (no amulet)
HPRegen  0.14/turn              (no ring)
MPRegen  0.09/turn              (no ring)

@: no status effects
A: permanent stasis, dig shafts and tunnels, antennae 3, four strong arms
a: Dig, Shaft Self


You were on level 3 of the Dungeon.
You visited 1 branch of the dungeon, and saw 3 of its levels.

You collected 98 gold pieces.

Inventory:

Hand Weapons
 a - a +0 trident of flaming
 h - a +0 dagger of venom (weapon)
Missiles
 i - 16 poisoned darts
Armour
 b - a +0 scale mail (worn)
 c - a +0 kite shield (worn)
Jewellery
 m - a ring of see invisible
Scrolls
 j - a scroll of immolation
Potions
 d - a potion of might
 e - 2 potions of degeneration {unknown}
 f - a potion of lignification {unknown}
 g - a potion of cancellation {unknown}
 k - a potion of heal wounds {unknown}
 l - a potion of mutation {unknown}


   Skills:
 + Level 4.3 Fighting
 * Level 4.3 Polearms
 - Level 3.2 Armour
 - Level 3.6 Shields


You had 4 spell levels left.
You didn't know any spells.
Your spell library contained the following spells:

 Spells                   Type           Power      Damage    Failure   Level
 Magic Dart               Conj           0%         1d3       98%         1
 Searing Ray              Conj           0%         3d3       99%         2
 Dazzling Flash           Conj/Hex       0%         N/A       100%        3
 Fulminant Prism          Conj/Hex       0%         3d6       100%        4
 Iskenderun's Mystic Bla  Conj/Tloc      0%         2d3       100%        4


Dungeon Overview and Level Annotations

Branches:
Dungeon (3/15)

Altars:

Annotations:
D:3 Grinder


Innate Abilities, Weirdness & Mutations

You cannot be hasted, slowed, berserked, paralysed or teleported.
You can dig through walls and to a lower floor.
You have a pair of large antennae on your head. (SInv)
Your four strong arms can wield two-handed weapons with a shield.


Message History

Grinder gestures at you. Pain shoots through your body!
You reach to attack!
You barely miss Grinder. You hit Grinder but do no damage. Grinder hits you.
You writhe in agony.
You closely miss Grinder. Grinder gestures at you.
Pain shoots through your body! You block Grinder's attack.
You hit Grinder. You burn Grinder.
Grinder is lightly wounded.
You block Grinder's attack.
You closely miss Grinder.
Grinder is lightly wounded.
Grinder blinks!
You barely miss Grinder.
Grinder is lightly wounded.
Grinder hits you.
You writhe in agony.
You are too injured to fight recklessly!
Grinder gestures at you. You resist with significant effort.
Grinder gestures at you. You resist with significant effort.
Grinder blinks!
Grinder gestures at you.
You struggle to resist.
Grinder gestures at you. You resist with significant effort.
Grinder blinks!
Grinder hits you.
There is a stone staircase leading up, spattered with blood here.
Your +0 trident of flaming stops flaming.
Your +0 dagger of venom begins to drip with poison!
h - a +0 dagger of venom (weapon)
Grinder hits you.
You writhe in agony.
* * * LOW HITPOINT WARNING * * *
You hit Grinder.
Grinder is lightly wounded.
Grinder hits you!
* * * LOW HITPOINT WARNING * * *
You writhe in agony.
You die...

#.##..#......<........
#...>....#####.#######
####..##...#...# .#
#..####.#.### #.#
#..##.....# #.#
#..##....##
#.####..##...##
#......5..#.##
#..###.@#.#.#
##########..###..#.#.#
.................#.#.#
#####..###..###.##.#.#
#####..# #......##.#.#
.......# ##.######.#.#
######.####.######.#.#
#...............#
######........###


You could see Grinder.

Vanquished Creatures
  A hound skeleton (D:3)
  5 adders
  A worm (D:2)
  3 dart slugs
  8 endoplasms
  2 giant cockroaches
  2 goblins
  3 hobgoblins
  2 jackals (D:1)
  3 quokkas
  10 ball pythons
  A bat (D:1)
  3 frilled lizards
  8 kobolds
  4 rats
56 creatures vanquished.

Notes
Turn   | Place    | Note
-------+----------+-------------------------------------------
     0 | D:1      | Delamore the Formicid Fighter began the quest for the Orb.
     0 | D:1      | Reached XP level 1. HP: 18/18 MP: 1/1
   337 | D:1      | Reached XP level 2. HP: 24/24 MP: 2/2
   694 | D:1      | Found a faded altar of an unknown god.
   756 | D:1      | Reached XP level 3. HP: 26/30 MP: 3/3
  1223 | D:2      | Reached XP level 4. HP: 36/37 MP: 4/4
  1403 | D:2      | You fall into a shaft and drop 1 floor!
  1881 | D:2      | Reached XP level 5. HP: 40/42 MP: 5/5
  2575 | D:3      | Noticed Grinder
  2604 | D:3      | HP: 2/43 [Grinder (8)]
  2604 | D:3      | Slain by Grinder

Illustrated notes

Levels and vault maps discovered:
D:1:      scummos_arrival_forest, layout_basic,
          hellmonk_ecumenical_altar_blasted
D:2:      layout_loops_corners
D:3:      layout_loops_ring, uniq_terence, uniq_grinder, uniq_purgy

Skill      XL: |  1  2  3  4 |
---------------+-------------+-----
Polearms       | 3 4 |  4.3
Fighting       | 4 |  4.3
Armour         | |  3.2
Shields        | |  3.6

Action                   |  1- 3 |  4- 6 || total
-------------------------+-------+-------++-------
Melee: Trident           |    98 |    37 ||   135
       Dagger            |     5 |    40 ||    45
  Use: Scroll            |     3 |     3 ||     6
Armor: Scale mail        |    26 |    22 ||    48
Dodge: Dodged            |    28 |    24 ||    52
Block: Kite shield       |    37 |    32 ||    69

Table legend: (Time is in decaauts)
 A = Elapsed time spent in this place.
 B = Non-inter-level travel time spent in this place.
 C = Inter-level travel time spent in this place.
 D = Time resting spent in this place.
 E = Time spent auto-exploring this place.
 F = Levels seen in this place.
 G = Mean time per level.
                   A        B        C        D        E       F      G
               +--------+--------+--------+--------+--------+-----+--------+
         Total |   2654 |   2520 |    134 |      0 |   2103 |   3 |  884.7 |
       Dungeon |   2654 |   2520 |    134 |      0 |   2103 |   3 |  884.7 |
               +--------+--------+--------+--------+--------+-----+--------+

Top non-repeatable levels by time:
     D:1: 1074 daAuts
     D:2: 1069 daAuts
     D:3: 511 daAuts
